 Dungeon Crawl Stone Soup version 0.20-a0-941-gba1b1f9 (webtiles) character file.

1274 Krakonus1 the Poker (level 8, 0/54 HPs)
             Began as an Octopode Fighter on Mar 31, 2017.
             Slain by an orc warrior
             ... wielding a +0 halberd
              (23 damage)
             ... on level 6 of the Dungeon on Apr 1, 2017.
             The game lasted 00:32:29 (5576 turns).

Krakonus1 the Poker (Octopode Fighter)              Turns: 5576, Time: 00:32:29

Health: 0/54       AC:  1    Str: 17    XL:     8   Next: 53%
Magic:  7/8        EV: 13    Int: 10    God:
Gold:   384        SH:  9    Dex: 12    Spells: 3/7 levels left

rFire    . . .     SeeInvis .   a - +1 trident
rCold    . . .     Gourm    .   b - +0 shield
rNeg     . . .     Faith    .   (helmet restricted)
rPois    .         Spirit   .   (no amulet)
rElec    .         Reflect  .   h - ring of wizardry
rCorr    .         Harm     .   z - ring of wizardry
MR       .....                  (no ring)
Stlth    ++++......             (no ring)
Regen    0.2/turn               (no ring)
MPRegen  0.2/turn               (no ring)
                                (no ring)
                                (no ring)

@: very slightly contaminated
A: almost no armour, stealthy swim, amphibious, 8 rings, constrict 8, camouflage
1, gelatinous body 1
a: no special abilities


You were on level 6 of the Dungeon.
You were not hungry.

You visited 2 branches of the dungeon, and saw 7 of its levels.

You collected 384 gold pieces.

Inventory:

Hand Weapons
 a - a +1 trident (weapon)
Missiles
 c - 5 tomahawks (quivered)
 i - 8 javelins
 s - 83 stones
Armour
 b - a +0 shield (worn)
Jewellery
 h - a ring of wizardry (left tentacle)
 z - a ring of wizardry (right tentacle)
Wands
 t - a wand of iceblast (3/15)
 C - a wand of paralysis (11/24)
Scrolls
 e - a scroll of fear {unknown}
 k - a scroll of enchant armour {unknown}
 l - a scroll of immolation {unknown}
 m - a scroll of remove curse
 q - 2 scrolls of teleportation
 x - a scroll of blinking {unknown}
 y - a scroll of amnesia {unknown}
Potions
 f - a potion of berserk rage
 j - a potion of haste
 n - a potion of heal wounds
 o - a potion of degeneration
 p - a potion of curing
 r - a potion of ambrosia
 u - a potion of mutation
 w - a potion of agility
 B - a potion of lignification
Books
 v - a book of Maledictions

   Spells                             Type                      Level
   a - Corona                         Hexes                        1
   b - Ensorcelled Hibernation        Hexes/Ice                    2
   c - Confuse                        Hexes                        3
   d - Tukima's Dance                 Hexes                        3
   e - Dazzling Spray                 Conjuration/Hexes            3
 A - a book of Minor Magic

   Spells                             Type                      Level
   a - Magic Dart                     Conjuration                  1
   b - Blink                          Translocation                2
   c - Call Imp                       Summoning                    2
   d - Slow                           Hexes                        2
   e - Conjure Flame                  Conjuration/Fire             3
   f - Mephitic Cloud                 Conjuration/Poison/Air       3
Comestibles
 d - 5 bread rations
 g - 2 fruits
 D - 4 chunks of flesh


   Skills:
 + Level 4.2 Fighting
 + Level 6.8 Polearms
 + Level 4.8 Dodging
 + Level 6.2 Stealth
 + Level 4.6 Shields
 * Level 0.2 Poison Magic


You had 3 spell levels left.
You knew the following spells:

 Your Spells              Type           Power        Failure   Level  Hunger
a - Magic Dart            Conj           #...         58%         1    ##.....
b - Mephitic Cloud        Conj/Pois/Air  #.......     92%         3    ####...


Dungeon Overview and Level Annotations

Branches:
Dungeon (6/15)             Temple (1/1) D:4

Altars:
Ashenzari
Cheibriados
Dithmenos
Elyvilon
Fedhas
Gozag
Kikubaaqudgha
Makhleb
Nemelex Xobeh
Okawaru
Qazlal
Sif Muna
Trog
Uskayaw
Vehumet
Wu Jian
Xom
Yredelemnul
The Shining One

Shops:
D:2 *


Innate Abilities, Weirdness & Mutations

You cannot wear most types of armour.
You are very stealthy in the water. (Stealth+)
You are amphibious.
You can wear up to eight rings at the same time.
You can use your tentacles to constrict eight enemies at once.
Your skin changes colour to match your surroundings (Stealth+).
Your rubbery body absorbs attacks. (AC +1, EV +1)


Message History

You block the orc warrior's attack.
You barely miss the hound zombie. Your grab misses the hound zombie.
Your squeeze misses the hound zombie. The hound zombie closely misses you.
You block the orc warrior's attack.
Evoke which item? (* to show all) (? for menu, Esc to quit)
Aiming: Paralyse (will waste charges)
Press: ? - help, Shift-Dir - straight line, f/p - orc warrior
Aim: an orc warrior, wielding a halberd and wearing a plate armour (lightly wounded, chance to defeat MR: 46%)
The orc warrior resists with some effort.
Evoking this partially-identified wand wasted a few charges.
The hound zombie bites you.
You barely miss the hound zombie. You grab the hound zombie.
You squeeze the hound zombie!
The hound zombie is moderately damaged.
You constrict the hound zombie. The hound zombie barely misses you.
The orc warrior hits you from afar with a halberd!
You block the orc's attack. You block the hound zombie's attack.
You release your grip on the hound zombie.
The orc warrior hits you from afar with a halberd!!
You die...

...'.....##.#
...#.....##.##
###########..##
.)............##
#######.##.....#
#....#.#.##
####.....Z##
####### #.#.#oo.#
...............#@#
.....!.....#####.#
#.o......... ###
.........# .......
..... .... ....


You could see an orc warrior, an orc and a hound zombie.

Vanquished Creatures
  A hungry ghost (D:4)
  A water moccasin (D:4)
  A phantom (D:4)
  2 ogres
  A centaur (D:5)
  2 scorpions (D:4)
  A howler monkey (D:5)
  A hound (D:4)
  A bullfrog zombie (D:5)
  An orc priest (D:4)
  A centaur skeleton (D:4)
  An orc wizard (D:4)
  Natasha (thrice) (D:3)
  Ijyb (D:3)
  2 worker ants
  A hound skeleton (D:4)
  12 adders
  4 gnolls (D:3)
  A shadow imp (D:5)
  An ooze (D:2)
  2 adder skeletons (D:4)
  5 worms
  5 leopard geckos
  9 orcs
  4 giant cockroaches
  7 hobgoblins
  7 jackals (D:4)
  8 kobolds
  5 quokkas
  A ball python (D:1)
  5 bats
  8 frilled lizards
  5 goblins
  6 rats
  4 withered plants (D:2)
120 creatures vanquished.

Vanquished Creatures (others)
  A fungus (D:5)
1 creature vanquished.

Grand Total: 121 creatures vanquished

Notes
Turn   | Place    | Note
-------+----------+-------------------------------------------
     0 | D:1      | Krakonus1 the Octopode Fighter began the quest for the Orb.
     0 | D:1      | Reached XP level 1. HP: 16/16 MP: 1/1
   107 | D:1      | Reached XP level 2. HP: 21/21 MP: 2/2
   491 | D:2      | Found a basalt altar of Yredelemnul.
   506 | D:2      | Reached XP level 3. HP: 9/26 MP: 3/3
  1015 | D:2      | Found an opulent altar of Gozag.
  1015 | D:2      | Found Gozag's Platinum Reserve.
  1057 | D:2      | Reached skill level 1 in Stealth
  1295 | D:3      | Noticed Ijyb
  1304 | D:3      | Killed Ijyb
  1304 | D:3      | Reached XP level 4. HP: 15/31 MP: 4/4
  1594 | D:3      | Noticed an ogre
  1916 | D:3      | Reached XP level 5. HP: 30/36 MP: 5/5
  2367 | D:3      | Noticed Natasha
  2373 | D:3      | Killed Natasha
  2373 | D:3      | Reached XP level 6. HP: 25/42 MP: 6/6
  2448 | D:3      | Noticed Natasha
  2449 | D:3      | Killed Natasha
  2534 | D:3      | Noticed Natasha
  2538 | D:3      | Killed Natasha
  2625 | D:4      | Found a staircase to the Ecumenical Temple.
  2634 | Temple   | Entered the Ecumenical Temple
  2949 | D:4      | Noticed a water moccasin
  2957 | D:4      | Killed a water moccasin
  2957 | D:4      | Reached skill level 5 in Polearms
  2957 | D:4      | Reached XP level 7. HP: 33/47 MP: 7/7
  2961 | D:4      | Noticed a hungry ghost
  2976 | D:4      | HP: 1/47 [hungry ghost (5)]
  2979 | D:4      | Killed a hungry ghost
  3393 | D:4      | Reached skill level 5 in Stealth
  3452 | D:4      | Found a burning altar of Makhleb.
  3452 | D:4      | Found a white marble altar of Elyvilon.
  3454 | D:4      | Found an ornate altar of the Wu Jian Council.
  3688 | D:4      | Reached XP level 8. HP: 47/54 MP: 8/8
  4115 | D:5      | Entered Level 5 of the Dungeon
  4934 | D:5      | Learned a level 1 spell: Magic Dart
  4938 | D:5      | Learned a level 3 spell: Mephitic Cloud
  5441 | D:6      | Found a snail-covered altar of Cheibriados.
  5576 | D:6      | Slain by an orc warrior

Vault maps used:
D:1:      saegor_arrival_simple_d, kennysheep_another_room
D:2:      yredelemnul_altar_generic, first_bread, glass_columns_a,
          grunt_ministairs_5, nicolae_gozag_zags_fifth_avenue
D:3:      hangedman_decor_peaks_small, minmay_randomly_rotated_circles,
          uniq_iyjb, uniq_natasha
D:4:      nicolae_overflow_hidden_temple, temple_pool_b
D:5:      kennysheep_steamy, minivault_1, patterned_corridor
D:6:      slow_altar_2, serial_glass, glass_columns_a, glass_columns_a,
          glass_columns_a, glass_columns_c, glass_columns_c, glass_columns_b
Temple:   minmay_temple_curvy_branch

Skill      XL: |  1  2  3  4  5  6  7  8 |
---------------+-------------------------+-----
Stealth        | 1 2 3 4 5 6 |  6.2
Polearms       | 3 4 5 6 |  6.8
Dodging        | 4 |  4.8
Fighting       | 4 |  4.2
Shields        | 4 |  4.6
Poison Magic   | |  0.2

Action                   |  1- 3 |  4- 6 |  7- 9 || total
-------------------------+-------+-------+-------++-------
Melee: Trident           |    78 |    84 |   152 ||   314
       Constrict         |    17 |    21 |    26 ||    64
       Tentacles         |    11 |    13 |    29 ||    53
Throw: Stone             |       |     2 |       ||     2
       Tomahawk          |       |    16 |    12 ||    28
       Javelin           |       |     5 |     5 ||    10
 Cast: Magic Dart        |       |       |     8 ||     8
Evoke: Wand              |       |       |     1 ||     1
  Use: Potion            |     2 |     4 |     8 ||    14
       Scroll            |       |     3 |     6 ||     9
 Stab: Sleeping          |     9 |     6 |     5 ||    20
  Eat: Chunk             |     1 |     5 |     5 ||    11
       Meat ration       |       |       |     1 ||     1
       Fruit             |       |       |     2 ||     2
Armor: Skin              |     8 |     3 |     4 ||    15
Dodge: Dodged            |    33 |    27 |    52 ||   112
Block: Shield            |    30 |    22 |    55 ||   107
